 Dungeon Crawl Stone Soup version 0.27-a0-1147-gb3d8e82157 (webtiles) character file.

Game seed: 13706558189491395664

81 garrulousMonolith the Skirmisher (level 4, -2/35 HPs)
             Began as a Demonspawn Fighter on May 12, 2021.
             Killed from afar by Sigmund (10 damage)
             ... with a puff of flame
             ... on level 2 of the Dungeon.
             The game lasted 00:02:12 (1345 turns).

garrulousMonolith the Skirmisher (DsFi)             Turns: 1345, Time: 00:02:13

Health: -2/35      AC:  7    Str: 22    XL:     4   Next: 19%
Magic:  4/4        EV:  7    Int: 11    God:
Gold:   38         SH:  9    Dex: 12    Spells: 3/3 levels left

rFire    . . .     SeeInvis .   a - +1 long sword
rCold    . . .     Faith    .   c - +0 kite shield
rNeg     . . .     Spirit   .   b - +0 scale mail
rPois    +         Reflect  .   d - +0 helmet
rElec    .         Harm     .   (no cloak)
rCorr    .         Rampage  .   (no gloves)
Will     .....                  (no boots)
Stlth    ..........             (no amulet)
HPRegen  0.11/turn              h - ring of poison resistance
MPRegen  0.09/turn              j - +6 ring of strength

@: lethally poisoned (-2 -> -3)
A: hooves 2, powered by death 1
a: no special abilities


You were on level 2 of the Dungeon.
You visited 1 branch of the dungeon, and saw 2 of its levels.

You collected 38 gold pieces.

Inventory:

Hand Weapons
 a - a +1 long sword (weapon)
 l - a +1 spear of freezing
Missiles
 e - 14 poisoned darts (quivered)
Armour
 b - a +0 scale mail (worn)
 c - a +0 kite shield (worn)
 d - a +0 helmet (worn)
 f - a +0 ring mail
Jewellery
 h - a ring of poison resistance (left hand)
 j - a +6 ring of strength (right hand)


   Skills:
 + Level 3.3 Fighting
 * Level 2.7 Long Blades
 + Level 3.1 Armour
 + Level 1.1 Dodging
 + Level 3.1 Shields


You had 3 spell levels left.
You didn't know any spells.
Your spell library was empty.

Dungeon Overview and Level Annotations

Branches:
Dungeon (2/15)

Altars:

Annotations:
D:2 Sigmund


Innate Abilities, Weirdness & Mutations

You have hoof-like feet.
You regenerate a little health from kills.


Message History

You see here 21 stones.
You now have 38 gold pieces (gained 10).
An adder comes into view.
The adder hisses angrily.
An adder is nearby!
Sigmund the Dreaded comes into view.
He is wielding a +0 scythe.
You hit the adder.
The adder is heavily wounded.
The adder completely misses you. You block the adder's attack.
Your shield prevents you from hitting the adder.
The adder is heavily wounded.
The adder barely misses you. The adder bites you but does no damage.
You miss the adder.
The adder is heavily wounded.
The adder bites you but does no damage. The adder bites you.
Sigmund gestures at himself while chanting.
Sigmund flickers and vanishes!
Deactivating autopickup; reactivate with Ctrl-A.
You closely miss the adder. Your kick misses the adder.
The adder is heavily wounded.
The adder barely misses you.
You riposte.
You hit the adder.
The adder is severely wounded.
Something hits you. The adder bites you.
You are poisoned.
The adder poisons you!
You slash the adder!
You kill the adder!
You feel sick. Something hits you. x2
You aren't carrying any potions.
You aren't carrying any items that you can evoke without wielding.
As you read the scroll labelled FUHUG LIRGHUJEH, it crumbles to dust.
You speak a Word of immense power!
You are blasted by holy energy!
* * * LOW HITPOINT WARNING * * *
It was a scroll of holy word.
You feel sick. Something hits you but does no damage.
You feel sick.
You hear some strange, mumbled words.
A puff of flame appears from out of thin air!
The puff of flame hits you!
You die...

#.....# ###..#
#.....# .....
#.....# ...
#.....#####.#
###..........#
#.(.#######..#
.#####.#.#
#..#
.#.......#
#..#####
.#.#.....#
#@.....#
.#.#.#...#
#{.###.#
.....#...#
#..#
#..###...#
#..#
#..###.....
...#
#..........#
##.#
#.####.#...#
.. #.# #...#.
## .# ..#
...... #.#


There were no monsters in sight!

Vanquished Creatures
  Jessica (D:2)
  Robin (D:2)
  An adder (D:2)
  A worm (D:2)
  A dart slug (D:1)
  2 ball pythons
  8 goblins (D:2)
  3 hobgoblins (D:1)
  4 jackals (D:2)
  A quokka (D:2)
  2 frilled lizards
  2 kobolds (D:2)
  3 rats (D:1)
30 creatures vanquished.

Notes
Turn   | Place    | Note
-------+----------+-------------------------------------------
     0 | D:1      | garrulousMonolith the Demonspawn Fighter began the quest
                  | for the Orb.
     0 | D:1      | Reached XP level 1. HP: 18/18 MP: 1/1
   388 | D:1      | Gained mutation: You have large cloven feet. [demonic
                  | ancestry]
   388 | D:1      | Reached XP level 2. HP: 21/24 MP: 2/2
   473 | D:1      | Found a faded altar of an unknown god.
   832 | D:2      | Noticed Jessica
   836 | D:2      | Killed Jessica
   837 | D:2      | Gained mutation: You regenerate a little health from kills.
                  | [demonic ancestry]
   837 | D:2      | Reached XP level 3. HP: 21/29 MP: 3/3
  1034 | D:2      | Noticed Robin
  1044 | D:2      | Reached skill level 1 in Dodging
  1053 | D:2      | Killed Robin
  1285 | D:2      | Gained mutation: You have hoof-like feet. [demonic
                  | ancestry]
  1285 | D:2      | Reached XP level 4. HP: 35/35 MP: 4/4
  1337 | D:2      | Noticed Sigmund
  1345 | D:2      | Killed from afar by Sigmund

Illustrated notes

Levels and vault maps discovered:
D:1:      scummos_arrival_simple_crosswalls, layout_loops_ring,
          shapermc_ecumenical_altar_totnotflames
D:2:      layout_loops_cross, uniq_sigmund, uniq_robin, uniq_jessica

Skill      XL: |  1  2  3 |
---------------+----------+-----
Long Blades    | 2 |  2.7
Armour         | 3 |  3.1
Shields        | 3 |  3.1
Dodging        | 1 |  1.1
Fighting       | |  3.3

Action                   |  1- 3 |  4- 6 || total
-------------------------+-------+-------++-------
Melee: Long sword        |    78 |    10 ||    88
       Kick              |    15 |     3 ||    18
  Use: Potion            |     3 |       ||     3
       Scroll            |     1 |     1 ||     2
Armor: Scale mail        |    12 |     3 ||    15
       Ring mail         |    16 |       ||    16
       Skin              |    23 |       ||    23
Dodge: Dodged            |    28 |     3 ||    31
Block: Kite shield       |    61 |     3 ||    64
       Rpst.: Long sword |     7 |     1 ||     8

Table legend: (Time is in decaauts)
 A = Elapsed time spent in this place.
 B = Non-inter-level travel time spent in this place.
 C = Inter-level travel time spent in this place.
 D = Time resting spent in this place.
 E = Time spent auto-exploring this place.
 F = Levels seen in this place.
 G = Mean time per level.
                   A        B        C        D        E       F      G
               +--------+--------+--------+--------+--------+-----+--------+
         Total |   1390 |   1373 |     17 |    231 |    840 |   2 |  695.0 |
       Dungeon |   1390 |   1373 |     17 |    231 |    840 |   2 |  695.0 |
               +--------+--------+--------+--------+--------+-----+--------+

Top non-repeatable levels by time:
     D:1: 827 daAuts
     D:2: 562 daAuts
